Monarchs vs Little Stars
(R1)
Created - December 10, 2019 at 19:45
Goals
|
| Monarchs |
1 |
3 |
1 |
5 |
| Little Stars |
1 |
1 |
1 |
3 |
|
Shots
|
| Monarchs |
7 |
16 |
16 |
39 |
| Little Stars |
19 |
5 |
8 |
32 |
|
1st period
1. Monarchs , Colton Sissons 1 (Nicolas Deslauriers 2, Nikita Zadorov 2) at 9:20
2. Little Stars , Tyler Wotherspoon 2 (Tyson Barrie 5, Evgeny Kuznetsov 24) at 18:51 (PP)
Penalties :
Tom Wilson (MAN) for Tripping (Minor) at 2:14, Gustav Forsling (MAN) for Slashing (Minor) at 5:19, Reece Willcox (Tex) for Tripping (Minor) at 12:06, Zach Budish (Tex) for Cross-checking (Minor) at 15:21, Brendan Lemieux (MAN) for Roughing (Minor) at 18:38, Brendan Lemieux (MAN) for High sticking (Minor) at 19:11
2nd period
3. Monarchs , Luke Witkowski 9 (Brendan Lemieux 6, Colton Sissons 3) at 1:28
4. Little Stars , Patrick Wiercioch 3 (Daniel O'regan 8) at 2:27
5. Monarchs , Mike Hoffman 4 (Luke Witkowski 21, Brayden Point 7) at 4:19
6. Monarchs , Brian McGrattan 2 (Joe Labate 1, Victor Olofsson 1) at 15:56
Penalties :
Brendan Lemieux (MAN) for High sticking (Minor) at 6:33, Brendan Lemieux (MAN) for Roughing (Minor) at 11:34, Evgeny Kuznetsov (Tex) for Holding (Minor) at 11:37, Colton Sissons (MAN) for Tripping (Minor) at 16:39, Eric Knodel (Tex) for Roughing (Minor) at 17:44
3rd period
7. Little Stars , Emile Poirier 2 (Sebastian Wannstrom 7, Reece Willcox 5) at 7:33
8. Monarchs , Brian McGrattan 3 (Nicolas Deslauriers 3) at 19:41 (Empty Net)
Penalties :
Eric Knodel (Tex) for Hooking (Minor) at 2:09, Scott Kosmachuck (Tex) for Tripping (Minor) at 11:48, Emile Poirier (Tex) for Tripping (Minor) at 17:07
Goalie Stats
Jason Missiaen (MAN), 29 saves from 32 shots - (0.906), W, 5-1-0, 60:00 minutes
Matt Murray (Tex), 34 saves from 38 shots - (0.895), L, 9-7-2, 59:45 minutes
Players Stats for Monarchs
Player Name G A P +/- PIM S H SB GA TA FO MP PP MP PK MP
------------------------------------------------------------------------------------
Brandon Montour 0 0 0 1 0 3 3 0 1 0 0/0 22:34 4:46 5:50
Brayden Point 0 1 1 1 0 2 1 0 0 0 11/19 16:46 5:06 0:00
Brendan Lemieux 0 1 1 1 8 4 2 0 0 0 0/0 17:07 5:11 0:54
Brian McGrattan 2 0 2 1 0 7 1 1 1 0 7/13 15:34 0:18 5:20
Colton Sissons 1 1 2 1 2 3 0 0 0 0 4/6 11:56 0:17 3:18
Dalton Prout 0 0 0 3 0 0 1 0 2 0 0/0 14:13 0:00 3:27
Damon Severson 0 0 0 2 0 0 1 1 0 1 0/0 16:40 6:32 0:00
Elias Lindholm 0 0 0 0 0 0 0 0 0 0 9/19 17:05 5:38 0:00
Gustav Forsling 0 0 0 -1 2 0 0 1 0 0 0/0 6:32 0:00 0:00
Jacob De La Rose 0 0 0 0 0 6 2 1 0 0 0/1 12:39 0:00 5:14
Joe Labate 0 1 1 0 0 0 0 0 1 0 1/3 6:54 0:00 0:03
Luke Witkowski 1 1 2 3 0 2 2 0 1 1 0/0 14:19 0:15 3:03
Mike Hoffman 1 0 1 1 0 3 1 0 1 0 0/0 17:34 5:37 0:42
Nicolas Deslauriers 0 2 2 1 0 2 0 0 0 0 0/0 7:47 0:00 0:00
Nikita Zadorov 0 1 1 1 0 1 1 0 0 0 0/0 17:08 0:00 5:50
Scott Mayfield 0 0 0 -1 0 0 0 0 0 0 0/0 6:20 0:00 0:00
Tom Wilson 0 0 0 0 2 3 2 0 0 0 0/0 17:09 5:10 0:00
Travis Sanheim 0 0 0 0 0 3 1 0 0 2 0/0 16:53 6:17 0:00
Victor Olofsson 0 1 1 0 0 0 1 0 0 0 0/1 12:44 5:37 0:00
Zach Trotman 0 0 0 1 0 0 0 1 0 1 0/0 19:52 4:31 3:27
Players Stats for Little Stars
Player Name G A P +/- PIM S H SB GA TA FO MP PP MP PK MP
------------------------------------------------------------------------------------
Anton Cederholm 0 0 0 -1 0 0 0 1 0 0 0/0 10:17 0:00 0:00
Dana Tyrell 0 0 0 -2 0 0 1 0 2 1 3/4 21:41 3:46 6:07
Daniel O'regan 0 1 1 2 0 2 3 0 0 0 5/9 10:42 0:40 1:02
Daniil Tarasov 0 0 0 -2 0 1 2 0 0 0 1/1 8:56 0:07 2:03
Emile Poirier 1 0 1 2 2 2 0 0 0 1 0/1 7:51 0:00 0:00
Eric Knodel 0 0 0 -1 4 0 1 2 0 0 0/0 19:09 3:20 4:00
Evgeny Kuznetsov 0 1 1 -1 2 1 0 1 1 0 15/35 23:33 5:09 5:43
Jason Dickinson 0 0 0 -2 0 1 0 0 0 0 1/4 6:13 0:00 0:00
Jesse Joensuu 0 0 0 -1 0 4 2 0 1 2 2/4 20:56 5:04 3:12
Michael Mersch 0 0 0 -2 0 2 3 0 0 0 1/1 15:52 3:39 1:24
Patrick Wiercioch 1 0 1 -1 0 1 4 0 0 0 0/0 20:11 3:21 5:35
Reece Willcox 0 1 1 -1 2 0 0 1 0 1 0/0 12:09 0:00 1:35
Scott Kosmachuck 0 0 0 -1 2 5 3 2 1 0 1/1 20:30 5:09 2:35
Sebastian Wannstrom 0 1 1 2 0 2 1 0 0 0 0/0 9:19 0:36 0:00
Shane Gersich 0 0 0 -2 0 0 0 0 0 0 0/1 5:54 0:00 0:00
Tyler Wotherspoon 1 0 1 -1 0 4 1 2 0 0 0/0 29:32 5:56 5:28
Tyson Barrie 0 1 1 -1 0 7 1 0 0 2 0/0 29:32 5:56 5:28
Zach Budish 0 0 0 -2 2 0 0 2 0 0 1/1 13:43 3:40 0:00
3 Stars
1 - Luke Witkowski (MAN)
2 - Brian McGrattan (MAN)
3 - Mike Hoffman (MAN)
Power Play
Monarchs - 0 on 7 Attempt(s) - 0.00%
Little Stars - 1 on 7 Attempt(s) - 14.29%
Penalty Kill
Monarchs - 6 on 7 Attempt(s) - 85.71%
- Score 0 goal in Penalty Kill
Little Stars - 7 on 7 Attempt(s) - 100.00%
- Score 0 goal in Penalty Kill
Team Stat
Monarchs - Hits : 19 - Faceoff Wins : 32 - Blocked Shots : 5 - Penalty Minutes : 14
Little Stars - Hits : 22 - Faceoff Wins : 30 - Blocked Shots : 11 - Penalty Minutes : 14
Official
Referees : Unknown
Linesman : Unknown
Game Notes
Brian McGrattan has scored in a empty net!
Finance
Level 1 -- Attendance: 1424 (71.20%) -- Ticket Income $49,840
Level 2 -- Attendance: 688 (68.80%) -- Ticket Income $10,320
Total Attendance: 2112 (70.40%)
Total Ticket Income: $60,160
Other Income: $3,008
Total Income: $63,168
Monarchs
5 vs 5 Forward
Center Left Wing Right Wing Time % Phy DF OF
1 Brayden Point Mike Hoffman Luke Witkowski 35 1 2 2
2 Elias Lindholm Brendan Lemieux Tom Wilson 35 2 1 2
3 Colton Sissons Nicolas Deslauriers Victor Olofsson 20 1 2 2
4 Joe Labate Jacob De La Rose Brian McGrattan 10 1 2 2
5 vs 5 Defense
Defense Defense Time % Phy DF OF
1 Dalton Prout Damon Severson 30 1 3 1
2 Zach Trotman Brandon Montour 30 1 3 1
3 Travis Sanheim Nikita Zadorov 30 0 3 2
4 Scott Mayfield Gustav Forsling 10 1 3 1
PowerPlay Forward
Center Left Wing Right Wing Time % Phy DF OF
1 Brayden Point Brendan Lemieux Tom Wilson 55 1 1 3
2 Elias Lindholm Mike Hoffman Victor Olofsson 45 1 1 3
PowerPlay Defense
Defense Defense Time % Phy DF OF
1 Damon Severson Travis Sanheim 60 0 3 2
2 Brandon Montour Zach Trotman 40 0 3 2
Penalty Kill 4 Players Forward
Center Wing Time % Phy DF OF
1 Brian McGrattan Jacob De La Rose 60 1 3 1
2 Colton Sissons Luke Witkowski 40 1 3 1
Penalty Kill 4 Players Defense
Defense Defense Time % Phy DF OF
1 Nikita Zadorov Brandon Montour 60 1 4 0
2 Zach Trotman Dalton Prout 40 1 4 0
Penalty Kill - 3 Players Forward
Forward Time % Phy DF OF
1 Brian McGrattan 60 1 2 2
2 Colton Sissons 40 1 2 2
Penalty Kill - 3 Players Defense
Defense Defense Time % Phy DF OF
1 Brandon Montour Nikita Zadorov 60 1 4 0
2 Zach Trotman Dalton Prout 40 1 4 0
4 vs 4 Forward
Center Wing Time % Phy DF OF
1 Brian McGrattan Brayden Point 60 1 2 2
2 Tom Wilson Brendan Lemieux 40 1 2 2
4 vs 4 Defense
Defense Defense Time % Phy DF OF
1 Dalton Prout Zach Trotman 60 1 2 2
2 Brandon Montour Damon Severson 40 1 2 2
Last Minutes Offensive
Center Left Wing Right Wing Defense Defense
Brayden Point Mike Hoffman Tom Wilson Travis Sanheim Damon Severson
Last Minutes Defensive
Center Left Wing Right Wing Defense Defense
Brian McGrattan Nicolas Deslauriers Luke Witkowski Nikita Zadorov Brandon Montour
Goaltenders
Starting : Jason Missiaen
Backup : Alex Nedeljkovic
Extra Forwards
Normal : Brayden Point, Elias Lindholm, Brian McGrattan - PP : Brian McGrattan, Luke Witkowski - PK : Brendan Lemieux
Extra Defensemen
Normal : Nikita Zadorov, Brandon Montour, Travis Sanheim - PP : Nikita Zadorov - PK : Scott Mayfield, Damon Severson
Penalty Shots
Damon Severson, Brayden Point, Elias Lindholm, Mike Hoffman, Colton Sissons
Scratches
Nick Shore (Healthy), Brett Connolly (Healthy), Keith Yandle (Healthy), Brandon McMillan (Healthy), Joel Vermin (Healthy)
Jeff Petry (Healthy), Anthony Peluso (Healthy), Michael Bunting (Healthy)
Little Stars
5 vs 5 Forward
Center Left Wing Right Wing Time % Phy DF OF
1 Evgeny Kuznetsov Jesse Joensuu Scott Kosmachuck 40 1 2 2
2 Dana Tyrell Michael Mersch Zach Budish 30 1 2 2
3 Daniel O'regan Emile Poirier Sebastian Wannstrom 20 1 2 2
4 Jason Dickinson Shane Gersich Daniil Tarasov 10 1 2 2
5 vs 5 Defense
Defense Defense Time % Phy DF OF
1 Tyson Barrie Tyler Wotherspoon 40 1 2 2
2 Patrick Wiercioch Eric Knodel 30 1 2 2
3 Anton Cederholm Reece Willcox 20 1 2 2
4 Tyson Barrie Tyler Wotherspoon 10 1 2 2
PowerPlay Forward
Center Left Wing Right Wing Time % Phy DF OF
1 Evgeny Kuznetsov Jesse Joensuu Scott Kosmachuck 60 0 2 3
2 Dana Tyrell Michael Mersch Zach Budish 40 0 2 3
PowerPlay Defense
Defense Defense Time % Phy DF OF
1 Tyson Barrie Tyler Wotherspoon 60 0 2 3
2 Patrick Wiercioch Eric Knodel 40 0 2 3
Penalty Kill 4 Players Forward
Center Wing Time % Phy DF OF
1 Evgeny Kuznetsov Dana Tyrell 60 0 3 2
2 Jesse Joensuu Scott Kosmachuck 40 0 3 2
Penalty Kill 4 Players Defense
Defense Defense Time % Phy DF OF
1 Tyson Barrie Tyler Wotherspoon 60 0 3 2
2 Patrick Wiercioch Eric Knodel 40 0 3 2
Penalty Kill - 3 Players Forward
Forward Time % Phy DF OF
1 Evgeny Kuznetsov 60 0 3 2
2 Dana Tyrell 40 0 3 2
Penalty Kill - 3 Players Defense
Defense Defense Time % Phy DF OF
1 Tyson Barrie Tyler Wotherspoon 60 0 3 2
2 Patrick Wiercioch Eric Knodel 40 0 3 2
4 vs 4 Forward
Center Wing Time % Phy DF OF
1 Evgeny Kuznetsov Dana Tyrell 60 1 2 2
2 Jesse Joensuu Scott Kosmachuck 40 1 2 2
4 vs 4 Defense
Defense Defense Time % Phy DF OF
1 Tyson Barrie Tyler Wotherspoon 60 1 2 2
2 Patrick Wiercioch Eric Knodel 40 1 2 2
Last Minutes Offensive
Center Left Wing Right Wing Defense Defense
Evgeny Kuznetsov Jesse Joensuu Scott Kosmachuck Tyson Barrie Tyler Wotherspoon
Last Minutes Defensive
Center Left Wing Right Wing Defense Defense
Evgeny Kuznetsov Jesse Joensuu Scott Kosmachuck Tyson Barrie Tyler Wotherspoon
Goaltenders
Starting : Matt Murray
Backup : Peter Delmas
Extra Forwards
Normal : Daniel O'regan, Sebastian Wannstrom, Daniil Tarasov - PP : Daniel O'regan, Sebastian Wannstrom - PK : Daniil Tarasov
Extra Defensemen
Normal : Anton Cederholm, Reece Willcox, Patrick Wiercioch - PP : Anton Cederholm - PK : Reece Willcox, Patrick Wiercioch
Penalty Shots
Evgeny Kuznetsov, Dana Tyrell, Jesse Joensuu, Scott Kosmachuck, Zach Budish
Scratches
Adam Tambellini (Broken Bone (Right Leg) Injury), Justin Auger (Healthy), Ville Pokka (Healthy), Tucker Poolman (Healthy), Radel Fazleev (Healthy)
Julien Nantel (Healthy), Connor Knapp (Healthy), Spencer Martin (Healthy)
% Time on Ice - Monarchs
Lines # - Real PCT - Wanted PCT - Time Play
Normal Forward
1 - 31% - 35% - 11:06
2 - 32% - 35% - 11:29
3 - 19% - 20% - 6:56
4 - 19% - 10% - 6:51
Normal Defense
1 - 28% - 30% - 10:07
2 - 28% - 30% - 10:06
3 - 28% - 30% - 10:10
4 - 16% - 10% - 5:59
PP Forward
1 - 48% - 55% - 5:20
2 - 52% - 45% - 5:43
PP Defense
1 - 57% - 60% - 6:17
2 - 43% - 40% - 4:46
PK Forward
1 - 67% - 60% - 6:14
2 - 33% - 40% - 3:03
PK Defense
1 - 63% - 60% - 5:50
2 - 37% - 40% - 3:27
PK3 Forward
1 - 0% - 60%
2 - 0% - 40%
PK3 Defense
1 - 0% - 60%
2 - 0% - 40%
44 Forward
1 - 69% - 60% - 1:58
2 - 31% - 40% - 0:52
44 Defense
1 - 64% - 60% - 1:48
2 - 36% - 40% - 1:02
Last Minute Offensive - 0:00
Last Minute Defensive - 0:28
Total
Forward - 60:00
Defense - 60:00
|
% Time on Ice - Little Stars
Lines # - Real PCT - Wanted PCT - Time Play
Normal Forward
1 - 32% - 40% - 11:44
2 - 30% - 30% - 11:01
3 - 21% - 20% - 7:44
4 - 16% - 10% - 5:54
Normal Defense
1 - 43% - 40% - 15:33
2 - 29% - 30% - 10:33
3 - 28% - 20% - 10:17
4 - 0% - 10% - 0:00
PP Forward
1 - 59% - 60% - 5:29
2 - 41% - 40% - 3:48
PP Defense
1 - 64% - 60% - 5:56
2 - 36% - 40% - 3:21
PK Forward
1 - 71% - 60% - 7:51
2 - 29% - 40% - 3:12
PK Defense
1 - 49% - 60% - 5:28
2 - 51% - 40% - 5:35
PK3 Forward
1 - 0% - 60%
2 - 0% - 40%
PK3 Defense
1 - 0% - 60%
2 - 0% - 40%
44 Forward
1 - 91% - 60% - 2:34
2 - 9% - 40% - 0:16
44 Defense
1 - 75% - 60% - 2:08
2 - 25% - 40% - 0:42
Last Minute Offensive - 0:27
Last Minute Defensive - 0:00
Total
Forward - 60:00
Defense - 60:00
|
Play-by-Play
1st period
0:01 of 1st period - Brayden Point wins face-off versus Evgeny Kuznetsov in neutral zone.
1:01 of 1st period - Zach Trotman is hit by Daniil Tarasov and loses puck.
2:14 of 1st period - Minor Penalty to Tom Wilson for Tripping.
2:15 of 1st period - Brian McGrattan wins face-off versus Jesse Joensuu in Monarchs zone.
2:15 of 1st period - Brian McGrattan is hit by Scott Kosmachuck.
2:29 of 1st period - Snap shot by Jacob De La Rose.
2:29 of 1st period - Stopped by Matt Murray with a rebound.
2:46 of 1st period - Off-side.
2:47 of 1st period - Colton Sissons wins face-off versus Evgeny Kuznetsov in neutral zone.
2:56 of 1st period - Wrist shot by Luke Witkowski.
2:56 of 1st period - Shot Misses the Net.
3:12 of 1st period - Brian McGrattan is hit by Michael Mersch and loses puck.
3:31 of 1st period - Slapshot by Tyson Barrie.
3:31 of 1st period - Stopped by Jason Missiaen without a rebound.
3:32 of 1st period - Evgeny Kuznetsov wins face-off versus Brian McGrattan in Monarchs zone.
4:14 of 1st period - Penalty to Tom Wilson is over, Tom Wilson is back on ice.
4:59 of 1st period - Brandon Montour is hit by Daniel O'regan and loses puck.
5:19 of 1st period - Minor Penalty to Gustav Forsling for Slashing.
5:20 of 1st period - Brian McGrattan wins face-off versus Jesse Joensuu in Monarchs zone.
6:05 of 1st period - Jesse Joensuu is hit by Brendan Lemieux and loses puck.
7:11 of 1st period - Brandon Montour is hit by Daniel O'regan and loses puck.
7:19 of 1st period - Penalty to Gustav Forsling is over, Gustav Forsling is back on ice.
7:22 of 1st period - Brandon Montour is hit by Patrick Wiercioch and loses puck.
7:31 of 1st period - Slapshot by Daniil Tarasov.
7:31 of 1st period - Deflect By Brandon Montour.
7:31 of 1st period - Stopped by Jason Missiaen without a rebound.
7:32 of 1st period - Daniel O'regan wins face-off versus Elias Lindholm in Monarchs zone.
7:41 of 1st period - Wrist shot by Sebastian Wannstrom.
7:41 of 1st period - Stopped by Jason Missiaen with a rebound.
7:43 of 1st period - Wrist shot by Emile Poirier.
7:43 of 1st period - Stopped by Jason Missiaen without a rebound.
7:44 of 1st period - Dana Tyrell wins face-off versus Elias Lindholm in Monarchs zone.
7:47 of 1st period - Snap shot by Dana Tyrell.
7:47 of 1st period - Shot Misses the Net.
8:09 of 1st period - Luke Witkowski is hit by Tyler Wotherspoon and loses puck.
9:20 of 1st period - Slapshot by Colton Sissons.
9:20 of 1st period - Goal by Colton Sissons - Monarchs : 1 - Little Stars : 0.
9:21 of 1st period - Jesse Joensuu wins face-off versus Elias Lindholm in neutral zone.
9:56 of 1st period - Snap shot by Luke Witkowski.
9:56 of 1st period - Shot Misses the Net.
10:02 of 1st period - Snap shot by Luke Witkowski.
10:02 of 1st period - Deflect By Brayden Point.
10:02 of 1st period - Stopped by Matt Murray with a rebound.
10:14 of 1st period - Snap shot by Daniel O'regan.
10:14 of 1st period - Shot Blocked by Zach Trotman.
10:20 of 1st period - Slapshot by Daniel O'regan.
10:20 of 1st period - Stopped by Jason Missiaen without a rebound.
10:21 of 1st period - Evgeny Kuznetsov wins face-off versus Elias Lindholm in Monarchs zone.
10:26 of 1st period - Snap shot by Jesse Joensuu.
10:26 of 1st period - Deflect By Scott Kosmachuck.
10:26 of 1st period - Stopped by Jason Missiaen without a rebound.
10:27 of 1st period - Scott Kosmachuck wins face-off versus Elias Lindholm in Monarchs zone.
10:28 of 1st period - Snap shot by Jesse Joensuu.
10:28 of 1st period - Stopped by Jason Missiaen with a rebound.
10:38 of 1st period - Snap shot by Jesse Joensuu.
10:38 of 1st period - Shot Misses the Net.
10:40 of 1st period - Wrist shot by Jesse Joensuu.
10:40 of 1st period - Stopped by Jason Missiaen with a rebound.
10:42 of 1st period - Slapshot by Evgeny Kuznetsov.
10:42 of 1st period - Deflect By Scott Kosmachuck.
10:42 of 1st period - Stopped by Jason Missiaen with a rebound.
11:01 of 1st period - Zach Budish is hit by Luke Witkowski and loses puck.
11:41 of 1st period - Jesse Joensuu is hit by Jacob De La Rose and loses puck.
12:02 of 1st period - Snap shot by Brendan Lemieux.
12:02 of 1st period - Stopped by Matt Murray without a rebound.
12:03 of 1st period - Zach Budish wins face-off versus Elias Lindholm in Little Stars zone.
12:03 of 1st period - Zach Budish is hit by Brendan Lemieux.
12:06 of 1st period - Minor Penalty to Reece Willcox for Tripping.
12:07 of 1st period - Brayden Point wins face-off versus Evgeny Kuznetsov in Little Stars zone.
12:33 of 1st period - Elias Lindholm is hit by Patrick Wiercioch and loses puck.
13:01 of 1st period - Icing by Brandon Montour.
13:02 of 1st period - Elias Lindholm wins face-off versus Evgeny Kuznetsov in Monarchs zone.
13:02 of 1st period - Elias Lindholm is hit by Tyson Barrie.
13:26 of 1st period - Zach Trotman is hit by Scott Kosmachuck and loses puck.
13:35 of 1st period - Snap shot by Scott Kosmachuck.
13:35 of 1st period - Stopped by Jason Missiaen with a rebound.
13:49 of 1st period - Snap shot by Elias Lindholm.
13:49 of 1st period - Shot Blocked by Evgeny Kuznetsov.
14:06 of 1st period - Penalty to Reece Willcox is over, Reece Willcox is back on ice.
14:12 of 1st period - Off-side.
14:13 of 1st period - Daniel O'regan wins face-off versus Joe Labate in neutral zone.
14:20 of 1st period - Snap shot by Tyson Barrie.
14:20 of 1st period - Stopped by Jason Missiaen without a rebound.
14:21 of 1st period - Daniel O'regan wins face-off versus Brayden Point in Monarchs zone.
14:22 of 1st period - Slapshot by Tyson Barrie.
14:22 of 1st period - Stopped by Jason Missiaen with a rebound.
14:24 of 1st period - Slapshot by Tyson Barrie.
14:24 of 1st period - Stopped by Jason Missiaen without a rebound.
14:25 of 1st period - Brayden Point wins face-off versus Daniel O'regan in Monarchs zone.
15:21 of 1st period - Minor Penalty to Zach Budish for Cross-checking.
15:22 of 1st period - Brayden Point wins face-off versus Evgeny Kuznetsov in Little Stars zone.
15:48 of 1st period - Dana Tyrell is hit by Travis Sanheim and loses puck.
15:59 of 1st period - Wrist shot by Mike Hoffman.
15:59 of 1st period - Stopped by Matt Murray with a rebound.
16:46 of 1st period - Mike Hoffman is hit by Eric Knodel and loses puck.
17:11 of 1st period - Damon Severson is hit by Michael Mersch and loses puck.
17:21 of 1st period - Penalty to Zach Budish is over, Zach Budish is back on ice.
17:28 of 1st period - Snap shot by Daniel O'regan.
17:28 of 1st period - Stopped by Jason Missiaen without a rebound.
17:29 of 1st period - Joe Labate wins face-off versus Daniel O'regan in Monarchs zone.
17:59 of 1st period - Wrist shot by Sebastian Wannstrom.
17:59 of 1st period - Shot Blocked by Jacob De La Rose.
18:25 of 1st period - Slapshot by Jacob De La Rose.
18:25 of 1st period - Stopped by Matt Murray with a rebound.
18:27 of 1st period - Wrist shot by Jacob De La Rose.
18:27 of 1st period - Shot Misses the Net.
18:29 of 1st period - Wrist shot by Jacob De La Rose.
18:29 of 1st period - Shot Misses the Net.
18:31 of 1st period - Slapshot by Jacob De La Rose.
18:31 of 1st period - Stopped by Matt Murray without a rebound.
18:32 of 1st period - Evgeny Kuznetsov wins face-off versus Elias Lindholm in Little Stars zone.
18:38 of 1st period - Minor Penalty to Brendan Lemieux for Roughing.
18:39 of 1st period - Evgeny Kuznetsov wins face-off versus Brian McGrattan in Monarchs zone.
18:43 of 1st period - Snap shot by Scott Kosmachuck.
18:43 of 1st period - Shot Misses the Net.
18:45 of 1st period - Snap shot by Evgeny Kuznetsov.
18:45 of 1st period - Stopped by Jason Missiaen with a rebound.
18:47 of 1st period - Slapshot by Tyson Barrie.
18:47 of 1st period - Stopped by Jason Missiaen with a rebound.
18:49 of 1st period - Slapshot by Tyler Wotherspoon.
18:49 of 1st period - Stopped by Jason Missiaen with a rebound.
18:51 of 1st period - Slapshot by Tyler Wotherspoon.
18:51 of 1st period - Goal by Tyler Wotherspoon - Monarchs : 1 - Little Stars : 1.
18:52 of 1st period - Evgeny Kuznetsov wins face-off versus Brayden Point in neutral zone.
19:08 of 1st period - Slapshot by Jesse Joensuu.
19:08 of 1st period - Stopped by Jason Missiaen without a rebound.
19:09 of 1st period - Elias Lindholm wins face-off versus Dana Tyrell in Monarchs zone.
19:11 of 1st period - Minor Penalty to Brendan Lemieux for High sticking.
19:12 of 1st period - Brian McGrattan wins face-off versus Evgeny Kuznetsov in Monarchs zone.
Goals for this period are 1 for Monarchs vs 1 for Little Stars.
Shots for this period are 7 for Monarchs vs 19 for Little Stars.
2nd period
0:01 of 2nd period - Brian McGrattan wins face-off versus Evgeny Kuznetsov in neutral zone.
0:08 of 2nd period - Slapshot by Brandon Montour.
0:08 of 2nd period - Shot Misses the Net.
0:36 of 2nd period - Dana Tyrell is hit by Brandon Montour and loses puck.
0:49 of 2nd period - Off-side.
0:50 of 2nd period - Evgeny Kuznetsov wins face-off versus Jacob De La Rose in neutral zone.
1:03 of 2nd period - Slapshot by Scott Kosmachuck.
1:03 of 2nd period - Shot Misses the Net.
1:11 of 2nd period - Penalty to Brendan Lemieux is over, Brendan Lemieux is back on ice.
1:22 of 2nd period - Snap shot by Luke Witkowski.
1:22 of 2nd period - Shot Blocked by Zach Budish.
1:24 of 2nd period - Snap shot by Colton Sissons.
1:24 of 2nd period - Stopped by Matt Murray with a rebound.
1:26 of 2nd period - Snap shot by Brendan Lemieux.
1:26 of 2nd period - Shot Misses the Net.
1:28 of 2nd period - Wrist shot by Luke Witkowski.
1:28 of 2nd period - Goal by Luke Witkowski - Monarchs : 2 - Little Stars : 1.
1:29 of 2nd period - Brayden Point wins face-off versus Evgeny Kuznetsov in neutral zone.
1:42 of 2nd period - Wrist shot by Jesse Joensuu.
1:42 of 2nd period - Stopped by Jason Missiaen without a rebound.
1:43 of 2nd period - Elias Lindholm wins face-off versus Evgeny Kuznetsov in Monarchs zone.
1:43 of 2nd period - Elias Lindholm is hit by Scott Kosmachuck.
1:51 of 2nd period - Wrist shot by Brendan Lemieux.
1:51 of 2nd period - Stopped by Matt Murray with a rebound.
2:23 of 2nd period - Off-side.
2:24 of 2nd period - Daniel O'regan wins face-off versus Colton Sissons in neutral zone.
2:27 of 2nd period - Slapshot by Patrick Wiercioch.
2:27 of 2nd period - Goal by Patrick Wiercioch - Monarchs : 2 - Little Stars : 2.
2:28 of 2nd period - Brayden Point wins face-off versus Evgeny Kuznetsov in neutral zone.
2:31 of 2nd period - Wrist shot by Luke Witkowski.
2:31 of 2nd period - Stopped by Matt Murray with a rebound.
2:33 of 2nd period - Slapshot by Nikita Zadorov.
2:33 of 2nd period - Deflect By Evgeny Kuznetsov.
2:33 of 2nd period - Stopped by Matt Murray without a rebound.
2:34 of 2nd period - Brayden Point wins face-off versus Evgeny Kuznetsov in Little Stars zone.
3:03 of 2nd period - Wrist shot by Colton Sissons.
3:03 of 2nd period - Stopped by Matt Murray with a rebound.
4:06 of 2nd period - Slapshot by Tyson Barrie.
4:06 of 2nd period - Stopped by Jason Missiaen without a rebound.
4:07 of 2nd period - Brayden Point wins face-off versus Jason Dickinson in Monarchs zone.
4:07 of 2nd period - Brayden Point is hit by Patrick Wiercioch.
4:19 of 2nd period - Wrist shot by Mike Hoffman.
4:19 of 2nd period - Goal by Mike Hoffman - Monarchs : 3 - Little Stars : 2.
4:20 of 2nd period - Elias Lindholm wins face-off versus Evgeny Kuznetsov in neutral zone.
4:25 of 2nd period - Snap shot by Brendan Lemieux.
4:25 of 2nd period - Shot Hit the Post.
4:53 of 2nd period - Slapshot by Brayden Point.
4:53 of 2nd period - Stopped by Matt Murray with a rebound.
4:56 of 2nd period - Icing by Patrick Wiercioch.
4:57 of 2nd period - Dana Tyrell wins face-off versus Colton Sissons in Little Stars zone.
4:57 of 2nd period - Dana Tyrell is hit by Nikita Zadorov.
5:09 of 2nd period - Wrist shot by Colton Sissons.
5:09 of 2nd period - Shot Misses the Net.
5:11 of 2nd period - Slapshot by Victor Olofsson.
5:11 of 2nd period - Shot Misses the Net.
5:13 of 2nd period - Wrist shot by Nikita Zadorov.
5:13 of 2nd period - Shot Blocked by Zach Budish.
5:38 of 2nd period - Snap shot by Dana Tyrell.
5:38 of 2nd period - Shot Misses the Net.
6:05 of 2nd period - Snap shot by Tyler Wotherspoon.
6:05 of 2nd period - Stopped by Jason Missiaen with a rebound.
6:07 of 2nd period - Slapshot by Michael Mersch.
6:07 of 2nd period - Stopped by Jason Missiaen with a rebound.
6:09 of 2nd period - Slapshot by Tyson Barrie.
6:09 of 2nd period - Shot Blocked by Damon Severson.
6:11 of 2nd period - Snap shot by Tyler Wotherspoon.
6:11 of 2nd period - Deflect By Dana Tyrell.
6:11 of 2nd period - Shot Misses the Net.
6:11 of 2nd period - Puck is out of play.
6:12 of 2nd period - Elias Lindholm wins face-off versus Evgeny Kuznetsov in Monarchs zone.
6:19 of 2nd period - Snap shot by Brendan Lemieux.
6:19 of 2nd period - Shot Blocked by Scott Kosmachuck.
6:33 of 2nd period - Minor Penalty to Brendan Lemieux for High sticking.
6:34 of 2nd period - Evgeny Kuznetsov wins face-off versus Brian McGrattan in Monarchs zone.
6:59 of 2nd period - Jesse Joensuu is hit by Luke Witkowski and loses puck.
8:10 of 2nd period - Brandon Montour is hit by Jesse Joensuu and loses puck.
8:33 of 2nd period - Penalty to Brendan Lemieux is over, Brendan Lemieux is back on ice.
9:21 of 2nd period - Wrist shot by Elias Lindholm.
9:21 of 2nd period - Shot Misses the Net.
9:23 of 2nd period - Wrist shot by Elias Lindholm.
9:23 of 2nd period - Shot Misses the Net.
10:37 of 2nd period - Snap shot by Jacob De La Rose.
10:37 of 2nd period - Stopped by Matt Murray with a rebound.
11:13 of 2nd period - Wrist shot by Travis Sanheim.
11:13 of 2nd period - Stopped by Matt Murray without a rebound.
11:14 of 2nd period - Brian McGrattan wins face-off versus Jason Dickinson in Little Stars zone.
11:17 of 2nd period - Snap shot by Brian McGrattan.
11:17 of 2nd period - Stopped by Matt Murray with a rebound.
11:19 of 2nd period - Wrist shot by Jacob De La Rose.
11:19 of 2nd period - Shot Blocked by Eric Knodel.
11:23 of 2nd period - Snap shot by Brian McGrattan.
11:23 of 2nd period - Stopped by Matt Murray with a rebound.
11:27 of 2nd period - Snap shot by Brian McGrattan.
11:27 of 2nd period - Stopped by Matt Murray without a rebound.
11:28 of 2nd period - Elias Lindholm wins face-off versus Evgeny Kuznetsov in Little Stars zone.
11:29 of 2nd period - Wrist shot by Tom Wilson.
11:29 of 2nd period - Stopped by Matt Murray with a rebound.
11:31 of 2nd period - Backhand shot by Tom Wilson.
11:31 of 2nd period - Shot Misses the Net.
11:33 of 2nd period - Slapshot by Tom Wilson.
11:33 of 2nd period - Shot Blocked by Scott Kosmachuck.
11:34 of 2nd period - Minor Penalty to Brendan Lemieux for Roughing.
11:35 of 2nd period - Evgeny Kuznetsov wins face-off versus Brian McGrattan in Monarchs zone.
11:37 of 2nd period - Minor Penalty to Evgeny Kuznetsov for Holding.
11:38 of 2nd period - Daniel O'regan wins face-off versus Brian McGrattan in Little Stars zone.
12:33 of 2nd period - Tyler Wotherspoon is hit by Tom Wilson and loses puck.
12:58 of 2nd period - Brian McGrattan is hit by Sebastian Wannstrom and loses puck.
13:34 of 2nd period - Penalty to Brendan Lemieux is over, Brendan Lemieux is back on ice.
13:37 of 2nd period - Penalty to Evgeny Kuznetsov is over, Evgeny Kuznetsov is back on ice.
13:50 of 2nd period - Travis Sanheim is hit by Daniel O'regan and loses puck.
15:10 of 2nd period - Icing by Luke Witkowski.
15:11 of 2nd period - Brayden Point wins face-off versus Evgeny Kuznetsov in Monarchs zone.
15:56 of 2nd period - Snap shot by Brian McGrattan.
15:56 of 2nd period - Goal by Brian McGrattan - Monarchs : 4 - Little Stars : 2.
15:57 of 2nd period - Evgeny Kuznetsov wins face-off versus Elias Lindholm in neutral zone.
16:10 of 2nd period - Snap shot by Elias Lindholm.
16:10 of 2nd period - Shot Misses the Net.
16:22 of 2nd period - Zach Budish is hit by Brayden Point and loses puck.
16:39 of 2nd period - Minor Penalty to Colton Sissons for Tripping.
16:40 of 2nd period - Jesse Joensuu wins face-off versus Brian McGrattan in Monarchs zone.
17:44 of 2nd period - Minor Penalty to Eric Knodel for Roughing.
17:45 of 2nd period - Brian McGrattan wins face-off versus Evgeny Kuznetsov in Little Stars zone.
18:39 of 2nd period - Penalty to Colton Sissons is over, Colton Sissons is back on ice.
18:50 of 2nd period - Slapshot by Mike Hoffman.
18:50 of 2nd period - Shot Misses the Net.
18:52 of 2nd period - Slapshot by Brandon Montour.
18:52 of 2nd period - Deflect By Mike Hoffman.
18:52 of 2nd period - Shot Blocked by Reece Willcox.
18:52 of 2nd period - Puck is out of play.
18:53 of 2nd period - Daniil Tarasov wins face-off versus Elias Lindholm in Little Stars zone.
19:02 of 2nd period - Dana Tyrell is hit by Damon Severson.
19:39 of 2nd period - Slapshot by Mike Hoffman.
19:39 of 2nd period - Stopped by Matt Murray with a rebound.
19:44 of 2nd period - Penalty to Eric Knodel is over, Eric Knodel is back on ice.
Goals for this period are 3 for Monarchs vs 1 for Little Stars.
Shots for this period are 16 for Monarchs vs 5 for Little Stars.
3rd period
0:01 of 3rd period - Brayden Point wins face-off versus Evgeny Kuznetsov in neutral zone.
0:53 of 3rd period - Snap shot by Zach Trotman.
0:53 of 3rd period - Shot Blocked by Eric Knodel.
1:13 of 3rd period - Backhand shot by Joe Labate.
1:13 of 3rd period - Shot Blocked by Anton Cederholm.
1:15 of 3rd period - Slapshot by Brandon Montour.
1:15 of 3rd period - Stopped by Matt Murray with a rebound.
1:17 of 3rd period - Snap shot by Brian McGrattan.
1:17 of 3rd period - Stopped by Matt Murray without a rebound.
1:18 of 3rd period - Evgeny Kuznetsov wins face-off versus Joe Labate in Little Stars zone.
1:18 of 3rd period - Evgeny Kuznetsov is hit by Dalton Prout.
1:44 of 3rd period - Wrist shot by Brian McGrattan.
1:44 of 3rd period - Shot Misses the Net.
1:46 of 3rd period - Slapshot by Jacob De La Rose.
1:46 of 3rd period - Stopped by Matt Murray with a rebound.
1:48 of 3rd period - Snap shot by Travis Sanheim.
1:48 of 3rd period - Stopped by Matt Murray with a rebound.
1:50 of 3rd period - Wrist shot by Nikita Zadorov.
1:50 of 3rd period - Shot Blocked by Tyler Wotherspoon.
1:52 of 3rd period - Backhand shot by Nikita Zadorov.
1:52 of 3rd period - Shot Blocked by Tyler Wotherspoon.
1:54 of 3rd period - Snap shot by Brian McGrattan.
1:54 of 3rd period - Stopped by Matt Murray with a rebound.
2:02 of 3rd period - Snap shot by Brian McGrattan.
2:02 of 3rd period - Deflect By Jacob De La Rose.
2:02 of 3rd period - Stopped by Matt Murray with a rebound.
2:04 of 3rd period - Backhand shot by Jacob De La Rose.
2:04 of 3rd period - Shot Misses the Net.
2:06 of 3rd period - Slapshot by Brandon Montour.
2:06 of 3rd period - Stopped by Matt Murray without a rebound.
2:07 of 3rd period - Michael Mersch wins face-off versus Brayden Point in Little Stars zone.
2:09 of 3rd period - Minor Penalty to Eric Knodel for Hooking.
2:10 of 3rd period - Evgeny Kuznetsov wins face-off versus Brayden Point in Little Stars zone.
2:20 of 3rd period - Slapshot by Travis Sanheim.
2:20 of 3rd period - Shot Hit the Post.
2:22 of 3rd period - Slapshot by Brendan Lemieux.
2:22 of 3rd period - Stopped by Matt Murray with a rebound.
2:24 of 3rd period - Snap shot by Brayden Point.
2:24 of 3rd period - Shot Misses the Net.
2:26 of 3rd period - Slapshot by Travis Sanheim.
2:26 of 3rd period - Deflect By Brendan Lemieux.
2:26 of 3rd period - Shot Misses the Net.
2:26 of 3rd period - Puck is out of play.
2:27 of 3rd period - Evgeny Kuznetsov wins face-off versus Victor Olofsson in Little Stars zone.
4:02 of 3rd period - Tyler Wotherspoon is hit by Mike Hoffman and loses puck.
4:09 of 3rd period - Penalty to Eric Knodel is over, Eric Knodel is back on ice.
4:23 of 3rd period - Snap shot by Jesse Joensuu.
4:23 of 3rd period - Shot Blocked by Brian McGrattan.
4:35 of 3rd period - Slapshot by Tyson Barrie.
4:35 of 3rd period - Shot Misses the Net.
5:06 of 3rd period - Nicolas Deslauriers is hit by Daniil Tarasov and loses puck.
5:30 of 3rd period - Nikita Zadorov is hit by Patrick Wiercioch and loses puck.
6:06 of 3rd period - Off-side.
6:07 of 3rd period - Elias Lindholm wins face-off versus Jason Dickinson in neutral zone.
6:49 of 3rd period - Luke Witkowski is hit by Dana Tyrell and loses puck.
7:04 of 3rd period - Scott Kosmachuck is hit by Brandon Montour and loses puck.
7:31 of 3rd period - Wrist shot by Sebastian Wannstrom.
7:31 of 3rd period - Deflect By Jacob De La Rose.
7:31 of 3rd period - Stopped by Jason Missiaen with a rebound.
7:33 of 3rd period - Slapshot by Emile Poirier.
7:33 of 3rd period - Goal by Emile Poirier - Monarchs : 4 - Little Stars : 3.
7:34 of 3rd period - Evgeny Kuznetsov wins face-off versus Elias Lindholm in neutral zone.
7:49 of 3rd period - Wrist shot by Tom Wilson.
7:49 of 3rd period - Shot Misses the Net.
8:19 of 3rd period - Wrist shot by Brian McGrattan.
8:19 of 3rd period - Shot Misses the Net.
8:25 of 3rd period - Dana Tyrell is hit by Jacob De La Rose and loses puck.
9:42 of 3rd period - Patrick Wiercioch is hit by Tom Wilson and loses puck.
9:49 of 3rd period - Wrist shot by Tom Wilson.
9:49 of 3rd period - Stopped by Matt Murray without a rebound.
9:50 of 3rd period - Elias Lindholm wins face-off versus Evgeny Kuznetsov in Little Stars zone.
9:55 of 3rd period - Snap shot by Brendan Lemieux.
9:55 of 3rd period - Shot Misses the Net.
9:57 of 3rd period - Wrist shot by Elias Lindholm.
9:57 of 3rd period - Shot Misses the Net.
9:59 of 3rd period - Slapshot by Brandon Montour.
9:59 of 3rd period - Stopped by Matt Murray with a rebound.
10:01 of 3rd period - Backhand shot by Tom Wilson.
10:01 of 3rd period - Shot Misses the Net.
10:20 of 3rd period - Snap shot by Shane Gersich.
10:20 of 3rd period - Deflect By Jason Dickinson.
10:20 of 3rd period - Stopped by Jason Missiaen without a rebound.
10:21 of 3rd period - Jason Dickinson wins face-off versus Brayden Point in Monarchs zone.
10:25 of 3rd period - Icing by Damon Severson.
10:26 of 3rd period - Evgeny Kuznetsov wins face-off versus Brayden Point in Monarchs zone.
11:04 of 3rd period - Icing by Dana Tyrell.
11:05 of 3rd period - Dana Tyrell wins face-off versus Brayden Point in Little Stars zone.
11:16 of 3rd period - Snap shot by Michael Mersch.
11:16 of 3rd period - Stopped by Jason Missiaen with a rebound.
11:48 of 3rd period - Minor Penalty to Scott Kosmachuck for Tripping.
11:49 of 3rd period - Brayden Point wins face-off versus Evgeny Kuznetsov in Little Stars zone.
11:52 of 3rd period - Wrist shot by Tom Wilson.
11:52 of 3rd period - Stopped by Matt Murray with a rebound.
11:54 of 3rd period - Snap shot by Brendan Lemieux.
11:54 of 3rd period - Stopped by Matt Murray with a rebound.
11:56 of 3rd period - Snap shot by Travis Sanheim.
11:56 of 3rd period - Stopped by Matt Murray with a rebound.
13:48 of 3rd period - Penalty to Scott Kosmachuck is over, Scott Kosmachuck is back on ice.
13:58 of 3rd period - Wrist shot by Shane Gersich.
13:58 of 3rd period - Shot Misses the Net.
14:04 of 3rd period - Shane Gersich is hit by Brandon Montour and loses puck.
16:29 of 3rd period - Icing by Reece Willcox.
16:30 of 3rd period - Elias Lindholm wins face-off versus Shane Gersich in Little Stars zone.
16:39 of 3rd period - Snap shot by Colton Sissons.
16:39 of 3rd period - Shot Misses the Net.
16:41 of 3rd period - Wrist shot by Colton Sissons.
16:41 of 3rd period - Shot Misses the Net.
16:43 of 3rd period - Wrist shot by Nicolas Deslauriers.
16:43 of 3rd period - Stopped by Matt Murray without a rebound.
16:44 of 3rd period - Colton Sissons wins face-off versus Daniel O'regan in Little Stars zone.
16:45 of 3rd period - Slapshot by Nicolas Deslauriers.
16:45 of 3rd period - Stopped by Matt Murray with a rebound.
17:07 of 3rd period - Minor Penalty to Emile Poirier for Tripping.
17:08 of 3rd period - Evgeny Kuznetsov wins face-off versus Brayden Point in Little Stars zone.
17:20 of 3rd period - Snap shot by Dana Tyrell.
17:20 of 3rd period - Shot Misses the Net.
17:22 of 3rd period - Snap shot by Tyler Wotherspoon.
17:22 of 3rd period - Stopped by Jason Missiaen with a rebound.
18:50 of 3rd period - Zach Trotman is hit by Michael Mersch.
19:07 of 3rd period - Penalty to Emile Poirier is over, Emile Poirier is back on ice.
19:07 of 3rd period - Tyler Wotherspoon is hit by Brian McGrattan and loses puck.
19:26 of 3rd period - Little Stars, Matt Murray is pulled from the net.
19:26 of 3rd period - Wrist shot by Scott Kosmachuck.
19:26 of 3rd period - Shot Blocked by Gustav Forsling.
19:30 of 3rd period - Wrist shot by Scott Kosmachuck.
19:30 of 3rd period - Stopped by Jason Missiaen with a rebound.
19:32 of 3rd period - Wrist shot by Scott Kosmachuck.
19:32 of 3rd period - Stopped by Jason Missiaen with a rebound.
19:34 of 3rd period - Wrist shot by Tyson Barrie.
19:34 of 3rd period - Stopped by Jason Missiaen without a rebound.
19:35 of 3rd period - Todd McLellan call a timeout for Little Stars.
19:35 of 3rd period - Brian McGrattan wins face-off versus Evgeny Kuznetsov in Monarchs zone.
19:35 of 3rd period - Brian McGrattan is hit by Jesse Joensuu.
19:41 of 3rd period - Wrist shot by Brian McGrattan.
19:41 of 3rd period - Goal by Brian McGrattan - Monarchs : 5 - Little Stars : 3.
19:41 of 3rd period - Matt Murray from Little Stars was sent back in the game.
19:42 of 3rd period - Colton Sissons wins face-off versus Daniel O'regan in neutral zone.
19:50 of 3rd period - Off-side.
19:51 of 3rd period - Colton Sissons wins face-off versus Emile Poirier in neutral zone.
19:56 of 3rd period - Daniel O'regan is hit by Victor Olofsson and loses puck.
Goals for this period are 1 for Monarchs vs 1 for Little Stars.
Shots for this period are 16 for Monarchs vs 8 for Little Stars.
Back to the Top